 Dungeon Sprint DCSS version 0.28.0-53-g5a82cb258f (webtiles) character file.

Game seed: 6225934116406259514

24299 Zeld the Severer (level 12, -6/120 HPs)
             Began as a Minotaur Berserker on June 7, 2022.
             Was a High Priest of Trog.
             Succumbed to poison (dark miasma)
             ... in the Dungeon (Sprint I: "Red Sonja").
             The game lasted 00:12:31 (11599 turns).

Zeld the Severer (Minotaur Berserker)              Turns: 11599, Time: 00:12:31

Health: -6/120     AC: 18    Str: 30      XL:     12   Next: 79%
Magic:  9/9        EV: 27    Int:  7 (8)  God:    Trog [*****.]
Gold:   2488       SH:  0    Dex: 10      Spells: 11/11 levels left

rFire   . . .      SeeInvis +   a - +4 executioner's axe of Income {flame, rC+ Will+ Int+6}
rCold   + . .      Faith    .   (shield currently unavailable)
rNeg    . . .      Spirit   .   o - +0 plate armour "Tophozobis" {Str+5 Dex-2 SInv Stlth+}
rPois   .          Reflect  .   (helmet restricted)
rElec   .          Harm     .   n - +0 cloak
rCorr   .          Rampage  .   (no gloves)
Will    ++...      Rage     1%  (no boots)
Stlth   .......... NoTele   +   s - amulet of the acrobat
HPRegen 0.30/turn               j - ring of willpower
MPRegen 0.11/turn               u - ring of flight

@: lethally poisoned (-6 -> -90), acrobatic, flying, slowed, very slow
A: horns 2, retaliatory headbutt, berserk 1, deterioration 1, dopey 1, frail 1,
low MP 1, screaming 1
a: Renounce Religion, Berserk, Trog's Hand, Brothers in Arms


You were in the Dungeon.
You worshipped Trog.
Trog was extremely pleased with you.
You visited 1 branch You collected 5699 gold pieces.
You spent 3211 gold pieces at shops.

Inventory:

Hand Weapons
 a - the +4 executioner's axe of Income (weapon) {flame, rC+ Will+ Int+6}
   (You bought it in a shop in the Dungeon)

   It burns those it strikes, dealing additional fire damage.
   Big, fiery blades are also staple armaments of hydra-hunters.
   Int:       It affects your intelligence (+6).
   rC:        It protects you from cold.
   Will:      It increases your willpower.
Armour
 n - a +0 cloak (worn)
 o - the +0 plate armour "Tophozobis" (worn) {Str+5 Dex-2 SInv Stlth+}
   (You bought it in a shop in the Dungeon)

   Str:       It affects your strength (+5).
   Dex:       It affects your dexterity (-2).
   SInv:      It lets you see invisible.
   Stlth:     It makes you more stealthy.
Jewellery
 j - a ring of willpower (left hand)
 s - an amulet of the acrobat (around neck)
 u - a ring of flight (right hand)
Wands
 i - a wand of flame (23)
Scrolls
 h - 5 scrolls of blinking
 l - 2 scrolls of fear
 q - 3 scrolls of amnesia
 t - a scroll of enchant weapon
Potions
 c - 10 potions of curing
 d - 3 potions of heal wounds
 e - a potion of haste
 f - 2 potions of magic
 g - a potion of berserk rage
 k - a potion of brilliance {unknown}
 m - a potion of attraction {unknown}
Miscellaneous
 b - a phantom mirror
 p - a box of beasts


   Skills:
 * Level 20.4 Fighting
 * Level 20.4 Axes
 + Level 14.6 Armour
 + Level 13.4 Dodging
 * Level 15.6 Evocations


You had 11 spell levels left.
You didn't know any spells.
Your spell library was empty.

Dungeon Overview and Level Annotations

Branches:
Dungeon (1/1)

Altars:
Cheibriados
Dithmenos
Elyvilon
Fedhas
Gozag
Hepliaklqana
Kikubaaqudgha
Makhleb
Nemelex Xobeh
Okawaru
Qazlal
Ru
Sif Muna
Trog
Uskayaw
Vehumet
Wu Jian
Xom
Yredelemnul
Zin
The Shining One
Jiyva
Lugonu

Shops:
D *[**(!*[([?:*(*(*[=[(

Annotations:
D Lom Lobon


Innate Abilities, Weirdness & Mutations

You have a pair of horns on your head.
You reflexively headbutt those who attack you in melee.
You tend to lose your temper in combat.
Your body sometimes deteriorates upon taking damage.
You are dopey. (Int -2)
You are frail. (-10% HP)
Your magical capacity is low. (-10% MP)
You occasionally shout uncontrollably at your foes.


Message History

Really fly into that cloud of noxious fumes?
You are engulfed in noxious fumes.
You are engulfed in noxious fumes.
There is an open door here.
There is an open door here.
You start resting.
You start resting.
HP restored.
There is an open door here.
You reach down and open the door.
There is an open door here.
Lom Lobon, Demon Lord of Forbidden Knowledge comes into view.
You are engulfed in dark miasma.
You are poisoned.
You feel extremely sick.
Lom Lobon screams, "Out, out whilst thou art whole!"
Found a longbow.
You are engulfed in dark miasma.
You are more poisoned.
You feel extremely sick.
Lom Lobon gestures.
Lom Lobon blinks!
You are engulfed in dark miasma.
You are more poisoned.
You feel yourself slow down.
You feel extremely sick.
Lom Lobon gestures. 2 ball lightnings come into view.
Your body deteriorates!
You feel dopey.
You feel extremely sick.
A ball lightning comes into view.
Lom Lobon gestures.
Lom Lobon blinks!
You are engulfed in dark miasma.
You are lethally poisoned!
* * * LOW HITPOINT WARNING * * *
You feel extremely sick.
You are engulfed in dark miasma.
You are more poisoned.
* * * LOW HITPOINT WARNING * * *
You die...

..○.+..$$$##.#A#$#..≈.[# #..
#○°°#.....#..###$#.)≈.## ##.
#..°###''##.##..$#..≈## ##
#..###..###..#+###..≈# #
#..####..###.).#.≈..## #
##'#..#..#.###)#.≈.°#
##.#.........#.###°.#
####.........#.#°°..# #
#.('......####)#@##'## #
#####...###..).#°#≈≈≈## ##
#.=)#####...####°#≈≈≈≈## ##.
#....)....###°.*°#≈≈≈≈≈########.○
[.....#####°°..####≈≈≈≈#≈≈≈≈≈#○.○
.....## ..&°°..#..#'≈≈≈'≈≈.≈≈°○°○
....## ...°..°#...##≈≈#≈≈≈≈≈#○°°
....# .^...°○#....######'#####≈
##### #°°°°○○#....#≈≈≈≈≈≈≈≈≈≈##


You could see a ball lightning.

Vanquished Creatures
  3 fire giants (D)
  A lorocyproca (D)
  A mummy priest (D)
  A hydra (D)
  2 centaur warriors (D)
  Sonja (D)
  A deep troll (D)
  A lindwurm (D)
  2 oklob plants (D)
  8 shining eyes (D)
  2 merfolk sirens (D)
  A gargoyle (D)
  7 unseen horrors (D)
  4 demonic crawlers (D)
  2 kobold demonologists (D)
  A hellwing (D)
  A slime creature (D)
  5 hornets (D)
  Sigmund (D)
  13 hogs (D)
  A yak (D)
  2 redbacks (D)
  7 floating eyes (D)
  7 necrophages (D)
  An ogre (D)
  8 jellies (D)
  Ijyb (D)
  A ballistomycete spore (D)
86 creatures vanquished.

Vanquished Creatures (collateral kills)
  the Lernaean hydra (D)
  A deep elf annihilator (D)
2 creatures vanquished.

Vanquished Creatures (others)
  A deep elf master archer (D)
  A fire giant (D)
  A gargoyle (D)
  A ballistomycete spore (D)
4 creatures vanquished.

Grand Total: 92 creatures vanquished

Notes
Turn   | Place    | Note
-------+----------+-------------------------------------------
     0 | D        | Zeld the Minotaur Berserker began the quest for the Orb.
     0 | D        | Reached XP level 1. HP: 19/19 MP: 0/0
     2 | D        | Noticed Ijyb
     8 | D        | Killed Ijyb
     9 | D        | Reached skill level 5 in Fighting
     9 | D        | Reached skill level 5 in Axes
     9 | D        | Reached XP level 2. HP: 29/29 MP: 1/1
   293 | D        | Noticed an ogre
   295 | D        | Killed an ogre
   296 | D        | Reached XP level 3. HP: 38/38 MP: 2/2
   296 | D        | Reached XP level 4. HP: 45/45 MP: 3/3
   932 | D        | Noticed Sigmund
   938 | D        | Killed Sigmund
   938 | D        | Reached ** piety under Trog
   939 | D        | Reached skill level 5 in Armour
   939 | D        | Reached skill level 5 in Dodging
   939 | D        | Reached XP level 5. HP: 56/56 MP: 4/4
   942 | D        | Killed a gargoyle
  1182 | D        | Found a burning altar of Makhleb.
  1182 | D        | Found a viscous altar of Jiyva.
  1182 | D        | Found a shimmering altar of Xom.
  1182 | D        | Found a corrupted altar of Lugonu.
  1182 | D        | Noticed a slime creature
  1187 | D        | Killed a slime creature
  1188 | D        | Reached XP level 6. HP: 66/66 MP: 5/5
  1285 | D        | Found an ornate altar of the Wu Jian Council.
  1285 | D        | Found a shimmering blue altar of Sif Muna.
  1287 | D        | Found a radiant altar of Vehumet.
  1416 | D        | Found Pel Jeiwk's Assorted Antiques.
  1416 | D        | Found an ancient bone altar of Kikubaaqudgha.
  1416 | D        | Found a hazy altar of Hepliaklqana.
  1416 | D        | Found a hide-covered altar of Uskayaw.
  1416 | D        | Found a basalt altar of Yredelemnul.
  1416 | D        | Found an opulent altar of Gozag.
  1416 | D        | Found a snail-covered altar of Cheibriados.
  1416 | D        | Found a sacrificial altar of Ru.
  1416 | D        | Found a shadowy altar of Dithmenos.
  1416 | D        | Noticed a yak
  1417 | D        | Found a stormy altar of Qazlal.
  1417 | D        | Found a blossoming altar of Fedhas.
  1417 | D        | Found a bloodstained altar of Trog.
  1417 | D        | Found an iron altar of Okawaru.
  1417 | D        | Found a glowing golden altar of the Shining One.
  1417 | D        | Found a glowing silver altar of Zin.
  1417 | D        | Found a white marble altar of Elyvilon.
  1420 | D        | Killed a yak
  1421 | D        | Reached skill level 10 in Fighting
  1421 | D        | Reached skill level 10 in Axes
  1421 | D        | Reached XP level 7. HP: 73/73 MP: 6/6
  1422 | D        | Found a sparkling altar of Nemelex Xobeh.
  1566 | D        | Bought a potion of curing for 63 gold pieces
  1566 | D        | Bought a glowing war axe for 136 gold pieces
  1632 | D        | Noticed a kobold demonologist
  1633 | D        | Noticed a kobold demonologist
  1634 | D        | Noticed a ynoxinul
  1639 | D        | Killed a kobold demonologist
  1639 | D        | Reached *** piety under Trog
  1649 | D        | Killed a kobold demonologist
  1650 | D        | Reached XP level 8. HP: 72/83 MP: 7/7
  1743 | D        | Noticed Sonja
  1751 | D        | Killed Sonja
  1751 | D        | Reached **** piety under Trog
  2143 | D        | Found Erorogaer's General Store.
  2151 | D        | Bought a scroll of holy word for 105 gold pieces
  2151 | D        | Bought a scroll of blinking for 105 gold pieces
  2151 | D        | Bought a scroll of fear for 49 gold pieces
  2256 | D        | Noticed a deep troll
  2265 | D        | Killed a deep troll
  2266 | D        | Reached XP level 9. HP: 82/93 MP: 8/8
  2431 | D        | Found Likealoi's Armour Emporium.
  2517 | D        | Noticed a centaur warrior
  2517 | D        | Noticed a centaur warrior
  2526 | D        | Killed a centaur warrior
  2527 | D        | Reached skill level 10 in Evocations
  2528 | D        | Killed a centaur warrior
  2529 | D        | Reached skill level 10 in Armour
  3082 | D        | Noticed an oklob plant
  3406 | D        | Killed an oklob plant
  3407 | D        | Reached XP level 10. HP: 104/104 MP: 9/9
  3881 | D        | Bought the +0 plate armour "Tophozobis" {Str+5 Dex-2 SInv
                  | Stlth+} for 562 gold pieces
  3917 | D        | Reached ***** piety under Trog
  3932 | D        | Reached skill level 15 in Fighting
  3932 | D        | Reached skill level 15 in Axes
  3933 | D        | Received a gift from Trog
  3949 | D        | Reached skill level 10 in Dodging
  3995 | D        | Found Vuori's Armour Shoppe.
  3995 | D        | Found Nawkaope's Assorted Antiques.
  3995 | D        | Found Eraojig's Antique Weapon Boutique.
  3997 | D        | Found Buwkyx's Antique Armour Emporium.
  3997 | D        | Found Hiuchoi's Magic Scroll Shop.
  3997 | D        | Found Muevoll's Book Shoppe.
  3997 | D        | Found Zehonuumn's General Store.
  3997 | D        | Found Oxinerin's Antique Weapon Emporium.
  3997 | D        | Found Rera's General Store.
  3997 | D        | Found Zitoukh's Antique Weapon Shoppe.
  3999 | D        | Bought a potion of curing for 60 gold pieces
  3999 | D        | Bought a potion of curing for 60 gold pieces
  4001 | D        | Found Qiytain's General Store.
  4002 | D        | Found Ximal's Jewellery Emporium.
  4002 | D        | Found Weinku's Antique Armour Boutique.
  4003 | D        | Bought a scroll of blinking for 90 gold pieces
  4003 | D        | Bought a scroll of blinking for 90 gold pieces
  4003 | D        | Bought a scroll of blinking for 90 gold pieces
  4003 | D        | Found Maituif's Weapon Emporium.
  4075 | D        | Received a gift from Trog
  4078 | D        | Noticed a gargoyle
  4087 | D        | Reached ****** piety under Trog
  4088 | D        | Killed a gargoyle
  4518 | D        | Noticed a lindwurm
  4524 | D        | Killed a lindwurm
  4616 | D        | Reached XP level 11. HP: 111/115 MP: 10/10
  4619 | D        | Received a gift from Trog
  4640 | D        | Received a gift from Trog
  4966 | D        | Bought a potion of heal wounds for 60 gold pieces
  4966 | D        | Bought a potion of curing for 36 gold pieces
  4966 | D        | Bought a potion of curing for 36 gold pieces
  5030 | D        | Noticed a daeva
  5054 | D        | Received a gift from Trog
  5526 | D        | Noticed a lorocyproca
  5540 | D        | Killed a lorocyproca
  6423 | D        | Bought a scroll of acquirement for 676 gold pieces
  6427 | D        | Bought a potion of curing for 39 gold pieces
  6431 | D        | Bought a scroll of fear for 42 gold pieces
  6437 | D        | Bought a potion of heal wounds for 70 gold pieces
  6445 | D        | Acquired 627 gold pieces
  6651 | D        | Noticed a shining eye
  6651 | D        | Noticed a shining eye
  6651 | D        | Noticed a shining eye
  6656 | D        | Paralysed by a floating eye for 3 turns
  6664 | D        | Killed a shining eye
  6664 | D        | Gained mutation: Your body sometimes deteriorates upon
                  | taking damage. [a shining eye]
  6667 | D        | Killed a shining eye
  6667 | D        | Paralysed by a floating eye for 3 turns
  6669 | D        | Noticed a shining eye
  6671 | D        | Killed a shining eye
  6671 | D        | Paralysed by a floating eye for 4 turns
  6676 | D        | Gained mutation: You are dopey. (Int -2) [a shining eye]
  6677 | D        | Gained mutation: You occasionally shout uncontrollably at
                  | your foes. [a shining eye]
  6681 | D        | Killed a shining eye
  6681 | D        | Identified the +8 battleaxe "Oloulu" {antimagic, rF++ rC+
                  | Will- Stlth+} (Trog gifted it to you in the Dungeon)
  6681 | D        | Received a gift from Trog
  6682 | D        | Noticed a shining eye
  6682 | D        | Noticed a shining eye
  6683 | D        | Gained mutation: Your magical capacity is low. (-10% MP) [a
                  | shining eye]
  6688 | D        | Killed a shining eye
  6689 | D        | Noticed a shining eye
  6689 | D        | Noticed a shining eye
  6692 | D        | Gained mutation: You tend to lose your temper in combat. [a
                  | shining eye]
  6693 | D        | Killed a shining eye
  6695 | D        | Gained mutation: You are frail. (-10% HP) [a shining eye]
  6698 | D        | Killed a shining eye
  6699 | D        | Killed a shining eye
  7135 | D        | Found Paetits's Antique Armour Shoppe.
  7135 | D        | Found Qaoff's Distillery.
  7135 | D        | Found Vinek's General Store.
  7136 | D        | Found Noes Onnesch's Antique Weapon Shop.
  7392 | D        | Noticed a 12-headed hydra
  7395 | D        | Killed a ten-headed hydra
  7396 | D        | Reached XP level 12. HP: 115/115 MP: 9/9
  7650 | D        | Noticed a deep elf annihilator
  7661 | D        | Received a gift from Trog
  7835 | D        | Killed a deep elf annihilator
  7995 | D        | Noticed a mummy priest
  8948 | D        | Bought the +4 executioner's axe of Income {flame, rC+ Will+
                  | Int+6} for 842 gold pieces
  9256 | D        | Noticed a fire giant
  9270 | D        | Noticed a fire giant
  9271 | D        | Killed a fire giant
  9271 | D        | Received a gift from Trog
  9277 | D        | HP: 7/175 [fire giant/+2 great sword of flaming (3)]
  9278 | D        | Killed a fire giant
  9326 | D        | Noticed a fire giant
  9848 | D        | Killed a fire giant
  9849 | D        | Reached skill level 15 in Evocations
 10087 | D        | Noticed a fire giant
 10098 | D        | Killed a fire giant
 10426 | D        | Killed a mummy priest
 10531 | D        | Noticed the 27-headed Lernaean hydra
 10536 | D        | Killed the 26-headed Lernaean hydra
 10984 | D        | Killed a deep elf master archer
 11437 | D        | Identified the +4 hand axe "Giant's Funeral" {vamp, rN++
                  | Str-3 Int-3 SInv}
 11594 | D        | Noticed Lom Lobon
 11599 | D        | Succumbed to poison (dark miasma)

Illustrated notes

Levels and vault maps discovered:
D:        dungeon_sprint_1 [red_sonja_temple_1, red_sonja_temple_small_1]

Skill      XL: |  1  2  3  4  5  6  7  8  9 10 11 12 |
---------------+-------------------------------------+-----
Fighting       | 5 6 8 9 10 11 13 14 16 18 20 | 20.4
Axes           | 5 6 8 9 10 11 13 14 16 18 20 | 20.4
Armour         | 3 4 5 6 7 8 9 10 11 13 14 | 14.6
Dodging        | 3 4 5 6 7 8 9 10 12 13 | 13.4
Evocations     | 2 4 6 8 9 10 12 14 15 | 15.6

Action                   |  1- 3 |  4- 6 |  7- 9 | 10-12 || total
-------------------------+-------+-------+-------+-------++-------
Melee: Hand axe          |     5 |    12 |       |       ||    17
       Headbutt          |     1 |     3 |    11 |    49 ||    64
       Punch             |       |     1 |     2 |     2 ||     5
       War axe           |       |       |    46 |    32 ||    78
       Battleaxe         |       |       |       |    89 ||    89
       Executioner's axe |       |       |       |    65 ||    65
Invok: Berserk           |     2 |     3 |     5 |     7 ||    17
       Trog's Hand       |       |       |     1 |       ||     1
       Brothers in Arms  |       |       |       |     2 ||     2
Evoke: Wand              |       |       |       |     3 ||     3
       Phantom mirror    |       |       |       |     1 ||     1
  Use: Scroll            |       |       |       |     6 ||     6
Armor: Animal skin       |       |     1 |       |       ||     1
       Plate armour      |       |       |    32 |   138 ||   170
Dodge: Dodged            |       |     5 |    17 |   104 ||   126
